 Dungeon Crawl Stone Soup version 0.21-a0-401-g0b6bec4 (webtiles) character file.

135 SCCSCCS the Sneak (level 5, -10/36 HPs)
             Began as an Octopode Assassin on Oct 25, 2017.
             Was an Initiate of Makhleb.
             Killed from afar by an orc wizard (11 damage)
             ... with a puff of flame
             ... on level 3 of the Dungeon.
             The game lasted 00:08:39 (2024 turns).

SCCSCCS the Sneak (Octopode Assassin)               Turns: 2024, Time: 00:08:40

Health: -10/36     AC:  1    Str: 10    XL:     5   Next: 18%
Magic:  5/5        EV: 14    Int: 15    God:    Makhleb [......]
Gold:   106        SH:  0    Dex: 15    Spells: 4/4 levels left

rFire    . . .     SeeInvis .   a - +3 dagger
rCold    . . .     Gourm    .   (no shield)
rNeg     . . .     Faith    .   (helmet restricted)
rPois    .         Spirit   .   (no amulet)
rElec    .         Reflect  .   h - +2 ring of intelligence
rCorr    .         Harm     .   (no ring)
MR       .....                  (no ring)
Stlth    ++++......             (no ring)
HPRegen  0.12/turn              (no ring)
MPRegen  0.09/turn              (no ring)
                                (no ring)
                                (no ring)

@: no status effects
A: almost no armour, stealthy swim, amphibious, 8 rings, constrict 8, camouflage
1, gelatinous body 1
a: Renounce Religion


You were on level 3 of the Dungeon.
You worshipped Makhleb.
Makhleb was noncommittal.
You were hungry.

You visited 1 branch of the dungeon, and saw 3 of its levels.

You collected 106 gold pieces.

Inventory:

Hand Weapons
 a - a +3 dagger (weapon)
Armour
 i - a +0 robe
Jewellery
 c - an uncursed ring of stealth {unknown}
 h - a +2 ring of intelligence (left tentacle)
 m - an uncursed ring of protection from magic {unknown}
Scrolls
 k - a scroll of remove curse
Potions
 d - a potion of mutation {unknown}
 e - a potion of cancellation {unknown}
 g - a potion of brilliance {unknown}
 j - a potion of berserk rage {unknown}
Comestibles
 f - 4 bread rations
 l - a fruit


   Skills:
 * Level 3.1 Fighting
 * Level 3.1 Short Blades
 - Level 2.0 Throwing
 * Level 2.4 Dodging
 * Level 6.3 Stealth


You had 4 spell levels left.
You didn't know any spells.

Dungeon Overview and Level Annotations

Branches:
Dungeon (3/15)

Altars:
Makhleb
Xom


Innate Abilities, Weirdness & Mutations

You cannot wear most types of armour.
You are very stealthy in the water. (Stealth+)
You are amphibious.
You can wear up to eight rings at the same time.
You can use your tentacles to constrict eight enemies at once.
Your skin changes colour to match your surroundings (Stealth+).
Your rubbery body absorbs attacks. (AC +1, EV +1)


Message History

You hit the hobgoblin.
You kill the hobgoblin!
Makhleb accepts your kill.
You hit something. Something hits you.
* * * LOW HITPOINT WARNING * * *
You barely miss something. Something hits you.
* * * LOW HITPOINT WARNING * * *
You hit something. Your squeeze misses something. Something hits you.
* * * LOW HITPOINT WARNING * * *
Something hits you but does no damage.
You feel better. Something hits you.
* * * LOW HITPOINT WARNING * * *
You hit something. Something hits you.
* * * LOW HITPOINT WARNING * * *
Something hits you.
* * * LOW HITPOINT WARNING * * *
You hear some strange, mumbled words.
A puff of flame appears from out of thin air!
The puff of flame hits you!
You die...

#....##.# ####### #.#
#. #######.# #.....#
#.# #. ##'###.....#
#######.# ##
#..........# .....##.#
#......##### .....##.#
#...[......# .....##.#
#..........###.....##.#
............'{ho....#
##....#.....@##ol....#
#....#......###.....#
.<...#......# ......#
#... #......# #<....#
######## .....# #....#
.####


You could see an orc and a jackal.

Vanquished Creatures
  Jessica (D:2)
  Robin (D:2)
  An adder (D:2)
  An ooze (D:3)
  A worm (D:2)
  A dart slug (D:1)
  A leopard gecko (D:3)
  4 orcs (D:3)
  A ball python (D:3)
  A giant cockroach (D:2)
  13 goblins
  7 hobgoblins
  8 jackals
  A quokka (D:3)
  11 bats
  3 frilled lizards
  7 kobolds
  6 rats
69 creatures vanquished.

Notes
Turn   | Place    | Note
-------+----------+-------------------------------------------
     0 | D:1      | SCCSCCS the Octopode Assassin began the quest for the Orb.
     0 | D:1      | Reached XP level 1. HP: 14/14 MP: 1/1
   141 | D:1      | Reached XP level 2. HP: 17/19 MP: 2/2
   485 | D:1      | Reached XP level 3. HP: 20/25 MP: 3/3
   945 | D:2      | Noticed Robin
   945 | D:2      | Noticed Jessica
   953 | D:2      | Killed Jessica
   953 | D:2      | Reached skill level 6 in Stealth
   953 | D:2      | Reached XP level 4. HP: 28/30 MP: 4/4
  1180 | D:2      | Killed Robin
  1361 | D:2      | Found a shimmering altar of Xom.
  1362 | D:2      | Found a burning altar of Makhleb.
  1382 | D:2      | Became a worshipper of Makhleb the Destroyer
  1666 | D:3      | Reached XP level 5. HP: 22/36 MP: 5/5
  2023 | D:3      | HP: 1/36 [something (4)]
  2024 | D:3      | Killed from afar by an orc wizard

Vault maps used:
D:1:      eino_arrival_druids_welcome, hangedman_decor_diamond_cutter
D:2:      minitemple, serial_bayou_pond_e, uniq_robin, uniq_jessica
D:3:      first_bread

Skill      XL: |  1  2  3  4 |
---------------+-------------+-----
Dodging        | 2 |  2.4
Stealth        | 6 |  6.3
Fighting       | 3 |  3.1
Short Blades   | 3 |  3.1
Throwing       | |  2.0

Action                   |  1- 3 |  4- 6 || total
-------------------------+-------+-------++-------
Melee: Dagger            |    66 |    70 ||   136
       Tentacles         |     7 |    10 ||    17
       Constrict         |    14 |    19 ||    33
  Use: Scroll            |     4 |     3 ||     7
       Potion            |       |     2 ||     2
 Stab: Sleeping          |     8 |     6 ||    14
  Eat: Chunk             |       |     3 ||     3
Armor: Skin              |    11 |     5 ||    16
Dodge: Dodged            |    32 |    61 ||    93

Table legend:
 A = Spawn XP
 B = Non-spawn XP
 C = Spawn XP percentage of total XP
 D = Spawn monster count
 E = Non-spawn monster count
 F = Spawn count percentage of total count
 G = Total turns spent on level
                    A         B        C        D         E        F      G
               +---------+---------+-------+---------+---------+-------+---------
         Total |       0 |     194 |   0.0 |       0 |      69 |   0.0 |  2024
               +---------+---------+-------+---------+---------+-------+---------
           D:1 |       0 |      43 |   0.0 |       0 |      24 |   0.0 |   640
           D:2 |       0 |     112 |   0.0 |       0 |      30 |   0.0 |  1003
           D:3 |       0 |      39 |   0.0 |       0 |      15 |   0.0 |   381
               +---------+---------+-------+---------+---------+-------+---------
